 Dungeon Crawl Stone Soup version 0.19.1-1-g22dce08 (webtiles) character file.

690 Jerry the Skirmisher (level 7, -5/50 HPs)
             Began as an Octopode Fighter on Jan 3, 2017.
             Splashed by a jelly's acid (6 damage)
             ... on level 5 of the Dungeon.
             The game lasted 00:06:58 (4057 turns).

Jerry the Skirmisher (Octopode Fighter)             Turns: 4057, Time: 00:07:00

Health: -5/50      AC: -7    Str: 16    XL:     7   Next: 63%
Magic:  7/7        EV: 15    Int: 10    God:
Gold:   221        SH:  5    Dex: 13    Spells: 0 memorised, 6 levels left

rFire  . . .     SeeInvis .     a - +0 long sword
rCold  . . .     Gourm    .     k - +0 buckler
rNeg   + . .     Faith    .     (helmet restricted)
rPois  .         Spirit   .     (no amulet)
rElec  .         Reflect  .     o - ring of wizardry
rCorr  .         Harm     .     u - ring of positive energy
MR     .....                    y - ring of stealth
Stlth  +++.......               (no ring)
                                (no ring)
                                (no ring)
                                (no ring)
                                (no ring)

@: corroded
A: almost no armour, stealthy swim, amphibious, 8 rings, constrict 8, camouflage
1, gelatinous body 1
a: no special abilities


You were on level 5 of the Dungeon.
You were not hungry.

You visited 1 branch of the dungeon, and saw 5 of its levels.

You collected 221 gold pieces.

Inventory:

Hand Weapons
 a - a +0 long sword (weapon)
 n - a +1 dagger of venom
Armour
 k - a +0 buckler (worn)
Jewellery
 o - a ring of wizardry (left tentacle)
 u - a ring of positive energy (right tentacle)
 y - a ring of stealth (on tentacle)
Wands
 w - a wand of acid (5/15)
 D - a wand of paralysis (11/24)
Scrolls
 c - a scroll of teleportation {unknown}
 e - 3 scrolls of identify {unknown}
 i - 3 scrolls of enchant armour {unknown}
 r - a scroll of blinking {unknown}
 t - 2 scrolls of remove curse {unknown}
Potions
 j - a potion of brilliance
 l - a potion of flight
 p - a potion of berserk rage {unknown}
 q - a potion of magic {unknown}
 s - a potion of ambrosia {unknown}
 v - a potion of curing
 x - a potion of mutation {unknown}
 z - a potion of heal wounds {unknown}
 A - a potion of haste {unknown}
 B - a potion of degeneration {unknown}
 C - a potion of lignification {unknown}
Comestibles
 b - 7 chunks of flesh
 d - 5 bread rations
 f - 3 slices of pizza
 g - 2 fruits
 h - 2 meat rations
 m - a beef jerky


   Skills:
 + Level 5.3 Fighting
 + Level 4.7 Long Blades
 + Level 5.2 Dodging
 - Level 4.0 Shields


You had 6 spell levels left.
You didn't know any spells.

Dungeon Overview and Level Annotations

Branches:
Dungeon (5/15)
 Temple: D:4-7

Altars:


Innate Abilities, Weirdness & Mutations

You cannot wear most types of armour.
You are very stealthy in the water. (Stealth+)
You are amphibious.
You can wear up to eight rings at the same time.
You can use your tentacles to constrict eight enemies at once.
Your skin changes colour to match your surroundings (Stealth+).
Your rubbery body absorbs attacks. (AC +1, EV +1)


Message History

The jelly is lightly wounded.
The jelly hits you. The acid corrodes you!
You are splashed with acid!
The acid burns!
The jelly hits you.
You are splashed with acid!
The acid burns!
You hit the jelly.
Your tentacles burn!
The jelly is lightly wounded.
The jelly hits you.
You are splashed with acid!
The acid burns!
You hit the jelly.
Your tentacles burn!
The jelly is heavily wounded.
The jelly hits you.
* * * LOW HITPOINT WARNING * * *
The acid corrodes you!
You are splashed with acid!
The acid burns!
* * * LOW HITPOINT WARNING * * *
You are too injured to fight recklessly!
You hit the jelly but do no damage.
Your tentacles burn!
* * * LOW HITPOINT WARNING * * *
The jelly is heavily wounded.
The jelly hits you.
* * * LOW HITPOINT WARNING * * *
You are splashed with acid!
The acid burns!
You die...

#.# ... #.# ## #.#
.. #.# ####.####.#
#....J@...#
#.##.###..########.
. ..
##.......>...#. ##
#.....######...
##...## #.# ##.##
#.# #.# #.# #. #.#
#####.### #. ##'##
#........


You could see a jelly.

Vanquished Creatures
  Duvessa (D:4)
  An ogre (D:5)
  Dowan (D:4)
  3 scorpions (D:4)
  A crimson imp (D:5)
  A howler monkey (D:5)
  Crazy Yiuf (D:3)
  An orc wizard (D:4)
  3 gnolls (D:3)
  7 adders
  4 worms
  2 dart slugs (D:1)
  2 leopard geckos
  9 orcs
  7 bats
  5 giant cockroaches
  5 goblins
  6 hobgoblins
  A quokka (D:4)
  5 frilled lizards
  A kobold (D:1)
  5 rats
72 creatures vanquished.

Notes
Turn   | Place    | Note
-------+----------+-------------------------------------------
     0 | D:1      | Jerry the Octopode Fighter began the quest for the Orb.
     0 | D:1      | Reached XP level 1. HP: 16/16 MP: 1/1
   196 | D:1      | Reached XP level 2. HP: 21/21 MP: 2/2
   999 | D:2      | Reached XP level 3. HP: 25/26 MP: 3/3
  1244 | D:2      | Reached XP level 4. HP: 26/33 MP: 4/4
  1653 | D:3      | Found a runed door.
  1703 | D:3      | Noticed Crazy Yiuf
  1707 | D:3      | Killed Crazy Yiuf
  1707 | D:3      | Reached XP level 5. HP: 7/37 MP: 5/5
  2979 | D:4      | Reached XP level 6. HP: 12/44 MP: 6/6
  3703 | D:4      | Noticed Duvessa
  3706 | D:4      | Noticed Dowan
  3710 | D:4      | Killed Duvessa
  3713 | D:4      | Killed Dowan
  3713 | D:4      | Reached XP level 7. HP: 44/49 MP: 7/7
  3849 | D:4      | Reached skill level 5 in Fighting
  3927 | D:5      | Entered Level 5 of the Dungeon
  3953 | D:5      | Reached skill level 5 in Dodging
  4057 | D:5      | HP: 1/50 [jelly (3)]
  4057 | D:5      | Splashed by a jelly's acid

Skill      XL: |  1  2  3  4  5  6  7 |
---------------+----------------------+-----
Long Blades    | 3 4 |  4.7
Fighting       | 4 5 |  5.3
Dodging        | 4 5 |  5.2
Shields        | 4 |  4.0

Action                   |  1- 3 |  4- 6 |  7- 9 || total
-------------------------+-------+-------+-------++-------
Melee: Long sword        |    43 |    85 |    22 ||   150
       Constrict         |    15 |    29 |     5 ||    49
       Tentacles         |     9 |    23 |    10 ||    42
  Use: Potion            |       |     4 |       ||     4
 Stab: Sleeping          |     2 |     2 |     3 ||     7
       Distracted        |       |     1 |       ||     1
  Eat: Chunk             |     1 |     8 |     1 ||    10
Armor: Skin              |     5 |    10 |       ||    15
Dodge: Dodged            |    43 |    58 |    14 ||   115
Block: Buckler           |       |       |     1 ||     1
       Rpst.: Long sword |    12 |    17 |     8 ||    37
